 Dungeon Crawl Stone Soup version 0.22.1-6-g1668fe2 (webtiles) character file.

64 nuthulu the Caller (level 3, 0/19 HPs)
             Began as a Deep Elf Summoner on Jan 17, 2019.
             Succumbed to an adder's poison
             ... on level 2 of the Dungeon.
             The game lasted 00:06:41 (2007 turns).

nuthulu the Caller (Deep Elf Summoner)              Turns: 2007, Time: 00:06:42

Health: 0/19       AC:  3    Str:  5    XL:     3   Next: 91%
Magic:  1/10       EV: 13    Int: 20    God:
Gold:   104        SH:  0    Dex: 15    Spells: 1/10 levels left

rFire    . . .     SeeInvis +   d - +3 whip (venom)
rCold    . . .     Gourm    .   (no shield)
rNeg     . . .     Faith    .   a - +0 robe
rPois    .         Spirit   .   i - +0 helmet
rElec    .         Reflect  .   (no cloak)
rCorr    .         Harm     .   (no gloves)
MR       .....                  (no boots)
Stlth    +++.......             (no amulet)
HPRegen  0.06/turn              g - ring of stealth
MPRegen  0.12/turn              e - ring of see invisible

@: lethally poisoned (0 -> -4), very slightly contaminated
A: no striking features
a: no special abilities


You were on level 2 of the Dungeon.
You were not hungry.

You visited 1 branch of the dungeon, and saw 2 of its levels.

You collected 104 gold pieces.

Inventory:

Hand Weapons
 d - a +3 whip of venom (weapon)
Armour
 a - a +0 robe (worn)
 i - a +0 helmet (worn)
Jewellery
 e - a ring of see invisible (right hand)
 g - a ring of stealth (left hand)
 h - a +2 ring of strength {unknown}
Scrolls
 b - 2 scrolls of teleportation
Potions
 j - a potion of haste
Comestibles
 c - 3 rations
 f - 3 chunks of flesh


   Skills:
 + Level 3.1 Dodging
 - Level 2.4 Stealth
 * Level 4.3 Spellcasting
 * Level 5.1 Summonings


You had one spell level left.
You knew the following spells:

 Your Spells              Type           Power        Failure   Level  Hunger
a - Summon Small Mammal   Summ           ###.         1%          1    None
b - Call Imp              Summ           ###.....     2%          2    #......
c - Call Canine Familiar  Summ           ###.....     4%          3    ###....
d - Summon Guardian Gole  Hex/Summ       ##......     13%         3    ###....

Your spell library contained the following spells:

 Spells                   Type           Power        Failure   Level  Hunger
 Summon Ice Beast         Ice/Summ       ##......     41%         4    ####...
 Summon Lightning Spire   Summ/Air       ##......     41%         4    ####...


Dungeon Overview and Level Annotations

Branches:
Dungeon (2/15)

Altars:
Gozag

Annotations:
D:2 Natasha


Message History

Your quokka bites the adder.
The adder bites your guardian golem but does no damage.
Your quokka disappears in a puff of smoke!
Your quokka misses the adder.
Your quokka closely misses the adder.
The adder bites your guardian golem but does no damage.
Your quokka closely misses the adder.
Your quokka bites the adder.
The adder bites your guardian golem.
Your quokka completely misses the adder.
Your quokka misses the adder. The adder bites your guardian golem.
Natasha casts a spell at you. The magic dart hits you!
Ouch! That really hurt!
* * * LOW HITPOINT WARNING * * *
Your quokka barely misses the adder.
Your quokka closely misses the adder.
The adder bites your guardian golem but does no damage.
Okay, then.
Casting: Summon Guardian Golem (safe; 13% risk of failure)
Confirm with . or Enter, or press ? or * to list all spells.
You die...

......## *,**,* *,* *,*
.......######.######**,* *,****
...................,,,>##***,,,,,
.....#....###.....#***#..,,*****,
######....# **#...# #.#*,* *,
...# ##...# #h..# #.#*,*****,
...# #.### #...#####.#*,,,,,,,
...# #.## #.....[.#.#********
#### #..######.@.r8Sr#.#######
######.##.......###r...[....#
#.......#.####..# ###(......#
###.....#.........# #...)...#
........#...####.## #.......#
....<...#...# #.# #.......#
........#...####.# #.......#
###.....#...#....# #...$...#
#.....#...#....# #..<....#


You could see Natasha, an adder, a friendly guardian golem and 3 friendly
quokkas.

Vanquished Creatures
  A frilled lizard (D:2)
  A goblin (D:2)
  A rat (D:2)
3 creatures vanquished.

Vanquished Creatures (collateral kills)
  Natasha (D:2)
  3 adders (D:2)
  6 dart slugs
  A leopard gecko (D:2)
  2 giant cockroaches (D:1)
  6 goblins
  2 hobgoblins (D:1)
  4 jackals (D:1)
  4 kobolds
  A quokka (D:2)
  A ball python (D:2)
  4 bats (D:1)
  A frilled lizard (D:2)
  A leopard gecko skeleton (D:2)
  9 rats
46 creatures vanquished.

Grand Total: 49 creatures vanquished

Notes
Turn   | Place    | Note
-------+----------+-------------------------------------------
     0 | D:1      | nuthulu the Deep Elf Summoner began the quest for the Orb.
     0 | D:1      | Reached XP level 1. HP: 10/10 MP: 6/6
   221 | D:1      | Reached XP level 2. HP: 15/15 MP: 4/8
   226 | D:1      | Learned a level 2 spell: Call Imp
  1369 | D:2      | Reached XP level 3. HP: 19/19 MP: 2/10
  1374 | D:2      | Learned a level 3 spell: Call Canine Familiar
  1440 | D:2      | Learned a level 3 spell: Summon Guardian Golem
  1591 | D:2      | Noticed Natasha
  1612 | D:2      | Killed Natasha
  1612 | D:2      | Reached skill level 5 in Summonings
  1634 | D:2      | Found an opulent altar of Gozag.
  2002 | D:2      | Noticed Natasha
  2007 | D:2      | Succumbed to an adder's poison

Skill      XL: |  1  2  3 |
---------------+----------+-----
Dodging        | 3 |  3.1
Spellcasting   | 4 |  4.3
Summonings     | 5 |  5.1
Stealth        | |  2.4

Action                   || total
-------------------------++-------
Melee: Whip              ||     7
 Cast: Summon Small Mamm ||    85
       Call Imp          ||    16
       Call Canine Famil ||     2
       Summon Guardian G ||     1
  Use: Scroll            ||     7
  Eat: Chunk             ||     4
Armor: Robe              ||    10
Dodge: Dodged            ||    44
